AoeStats
← GenCR7

Arena

509004043Analyzed
3v3 RM · 5d ago on Sep 25, 2026· 56m 29s· 6 players
Game mode
Random Map
Map size
Normal (6 player)
Population
200
Speed
Normal
Resources
Standard
Victory
Conquest
Starting age
Dark Age
Ending age
Imperial Age
RankedLock teamsTeams togetherTeam positionsShared explorationLock speedFull tech treeHidden civsTurbo modeCheats
Victory
Defeat
🇨🇦 Persians · Canada
628
+15
🇵🇷 Hindustanis · Puerto Rico
618
+15
🇲🇽 Romans · Mexico
608
+16
🇵🇪 Franks · Peru
658
-18
🇧🇴 Franks · Bolivia
580
-27
🇺🇸 Chinese · United States
579
-14
danielrojaslaw
0:29 Loom
11:56 Feudal Age
13:12 Wheelbarrow
12:20 Horse Collar
12:28 Double-Bit Axe
12:38 Gold Mining
20:22 Castle Age
18:45 Stone Mining
19:35 Forging
19:26 Scale Mail Armor
19:32 Scale Barding Armor
22:04 Bow Saw
24:23 Heavy Plow
25:05 Gold Shaft Mining
25:08 Stone Shaft Mining
28:10 Hand Cart
32:49 Imperial Age
30:29 Caravan
31:09 Iron Casting
30:49 Chain Mail Armor
30:54 Chain Barding Armor
32:11 Grand Trunk Road
31:55 Pikeman
31:56 Man-at-Arms
32:37 Squires
32:22 Arson
33:15 Fletching
33:26 Padded Archer Armor
33:08 Elite Skirmisher
34:53 Chemistry
33:28 Siege Elephant
33:35 Heavy Camel Rider
36:07 Bloodlines
35:58 Husbandry
36:27 Long Swordsman
36:33 Imperial Camel Rider
39:53 Blast Furnace
39:29 Plate Barding Armor
38:51 Bodkin Arrow
39:11 Leather Archer Armor
39:37 Ballistics
39:19 Two-Handed Swordsman
40:14 Thumb Ring
40:31 Conscription
44:34 Shatagni
43:55 Elite Ghulam
45:40 Bracer
46:10 Ring Archer Armor
45:20 Champion
55:08 Fortified Wall
54:49 Guard Tower
54:54 Murder Holes
55:10 Masonry
55:18 Fervor
55:19 Redemption
55:29 Sanctity
GenCR7
0:56 Loom
14:20 Feudal Age
18:01 Wheelbarrow
18:14 Double-Bit Axe
19:43 Man-at-Arms
23:13 Castle Age
22:24 Forging
23:15 Scale Mail Armor
23:23 Scale Barding Armor
24:44 Horse Collar
25:02 Pikeman
27:01 Squires
27:20 Chain Mail Armor
27:33 Town Watch
28:23 Husbandry
29:09 Bow Saw
29:02 Heavy Plow
30:04 Hand Cart
31:26 Chain Barding Armor
31:59 Padded Archer Armor
34:40 Imperial Age
32:50 Long Swordsman
35:32 Capped Ram
38:25 Legionary
38:29 Elite Skirmisher
39:05 Gold Mining
39:10 Stone Mining
40:44 Iron Casting
40:21 Siege Ram
43:04 Leather Archer Armor
43:22 Halberdier
45:27 Town Patrol
53:52 Elite Centurion
Hosso
10:51 Loom
13:04 Feudal Age
13:41 Double-Bit Axe
13:43 Horse Collar
16:52 Wheelbarrow
17:17 Gold Mining
18:06 Stone Mining
22:32 Castle Age
21:23 Forging
23:23 Bow Saw
25:11 Husbandry
26:19 Town Watch
27:03 Scale Barding Armor
28:46 Scale Mail Armor
30:30 Iron Casting
30:19 Chain Mail Armor
34:11 Imperial Age
32:48 Murder Holes
33:26 Hand Cart
34:13 Chain Barding Armor
34:29 Iron Casting
33:52 Cavalier
35:46 Chemistry
35:06 Ballistics
38:35 Savar
48:37 Caravan
49:14 Plate Mail Armor
49:20 Plate Barding Armor
49:45 Blast Furnace
SamZillaRex
0:37 Loom
12:20 Feudal Age
12:48 Horse Collar
14:21 Wheelbarrow
14:52 Town Watch
20:20 Castle Age
19:05 Gold Mining
19:29 Double-Bit Axe
20:46 Stone Mining
23:46 Caravan
25:44 Bow Saw
27:00 Heavy Plow
31:38 Imperial Age
30:56 Gold Shaft Mining
31:05 Stone Shaft Mining
32:55 Murder Holes
33:11 Masonry
33:12 Fortified Wall
33:23 Ballistics
34:05 Chemistry
33:00 Fletching
33:10 Padded Archer Armor
33:21 Forging
leonedu
12:04 Feudal Age
10:22 Loom
13:40 Town Watch
16:19 Castle Age
15:05 Double-Bit Axe
18:43 Wheelbarrow
18:40 Bow Saw
23:28 Gold Mining
24:38 Hand Cart
24:21 Stone Mining
26:03 Scale Barding Armor
28:39 Town Patrol
31:46 Imperial Age
29:49 Forging
31:08 Gold Shaft Mining
31:47 Chain Barding Armor
32:04 Iron Casting
32:14 Fletching
34:21 Plate Barding Armor
35:17 Blast Furnace
34:16 Bodkin Arrow
35:08 Fervor
36:32 Sanctity
36:09 Herbal Medicine
37:15 Chivalry
36:40 Cavalier
37:21 Husbandry
38:13 Paladin
38:56 Scale Mail Armor
38:19 Pikeman
39:00 Squires
38:45 Arson
41:54 Illumination
42:25 Chain Mail Armor
42:11 Padded Archer Armor
42:44 Masonry
42:32 Murder Holes
42:49 Fortified Wall
44:26 Conscription
44:55 Block Printing
45:31 Architecture
46:03 Chemistry
50:13 Conscription
50:30 Hoardings
54:43 Plate Mail Armor
Perrito Anarquista
11:44 Feudal Age
14:25 Double-Bit Axe
16:00 Wheelbarrow
15:29 Gold Mining
15:50 Man-at-Arms
21:55 Castle Age
22:21 Light Cavalry
24:54 Scale Mail Armor
25:01 Scale Barding Armor
26:46 Elite Skirmisher
26:48 Crossbowman
28:26 Hand Cart
28:33 Bow Saw
30:28 Pikeman
31:41 Long Swordsman
32:56 Ballistics
34:57 Chain Mail Armor
34:54 Forging
37:44 Iron Casting
37:31 Chain Barding Armor
Connection lost

Rejoining the realm…

Still unreachable

The connection could not be restored.

Session expired

The server has moved on; the page needs a fresh start.